 Dungeon Crawl Stone Soup version 0.30-a0-603-g51a0fb1b98 (webtiles) character file.

Game seed: 15234869182306316576

379 Leeroy the Ruffian (level 6, -1/47 HPs)
             Began as a Draconian Transmuter on Jan 7, 2023.
             Succumbed to an orc wizard's poison
             ... on level 4 of the Dungeon.
             The game lasted 00:03:48 (2791 turns).

Leeroy the Ruffian (Draconian Transmuter)           Turns: 2791, Time: 00:03:49

Health: -1/47      AC:  7    Str: 14    XL:     6   Next: 45%
Magic:  9/9        EV: 12    Int: 14    God:
Gold:   165        SH:  0    Dex: 11    Spells: 3/9 levels left

rFire   . . .      SeeInvis .    r - +1 short sword (elec)
rCold   . . .      Faith    .    (no shield)
rNeg    + . .      Spirit   .    (body armour unavailable)
rPois   +          Reflect  .    (helmet currently unavailable)
rElec   .          Harm     .    b - +0 cloak
rCorr   .          Rampage  .    (no gloves)
Will    .....                    (boots currently unavailable)
Stlth   +                        s - amulet of regeneration
HPRegen 1.07/turn                j - ring of positive energy
MPRegen 0.11/turn                u - ring of poison resistance

@: lethally poisoned (-1 -> -5), appendages (expiring)
A: horns 2, talons 2, AC +6, unfitting armour, cold-blooded
a: End Transformation


You were on level 4 of the Dungeon.
You had temporarily grown beastly horns and talons.
You visited 1 branch of the dungeon, and saw 4 of its levels.

You collected 165 gold pieces.

Inventory:

Hand Weapons
 r - a +1 short sword of electrocution (weapon)
Armour
 b - a +0 cloak (worn)
Jewellery
 j - a ring of positive energy (left hand)
 s - an amulet of regeneration (around neck)
 u - a ring of poison resistance (right hand)
Scrolls
 d - 6 scrolls of identify {unknown}
 f - 5 scrolls of amnesia {unknown}
 g - a scroll of teleportation {unknown}
 i - a scroll of fear {unknown}
 k - a scroll of fog {unknown}
 l - 2 scrolls of acquirement {unknown}
 m - a scroll of blinking {unknown}
 n - a scroll of enchant armour {unknown}
Potions
 a - a potion of lignification
 c - 3 potions of curing
 e - a potion of heal wounds {unknown}
 h - a potion of berserk rage {unknown}
 o - a potion of flight {unknown}
 p - a potion of mutation {unknown}
 q - a potion of might {unknown}
 t - a potion of brilliance {unknown}


   Skills:
 - Level 1.1 Fighting
 - Level 1.7 Dodging
 - Level 6.9 Unarmed Combat
 - Level 2.0 Spellcasting
 + Level 3.2 Transmutations


You had 3 spell levels left.
You knew the following spells:

 Your Spells              Type           Power      Damage    Failure   Level
a - Beastly Appendage     Tmut           20%        N/A       6%          1
b - Spider Form           Tmut/Pois      5%         N/A       36%         3
c - Wereblood             Tmut           10%        N/A       10%         2

Your spell library contained the following spells:

 Spells                   Type           Power      Damage    Failure   Level
 Dazzling Flash           Conj/Hex       2%         N/A       56%         3
 Ice Form                 Ice/Tmut       5%         N/A       77%         4
 Iskenderun's Mystic Bla  Conj/Tloc      1%         2d3       93%         4
 Starburst                Conj/Fire      0%         6d3       100%        6


Dungeon Overview and Level Annotations

Branches:
Dungeon (4/15)
 Temple: D:4-7

Altars:

Shops:
D:3 (


Innate Abilities, Weirdness & Mutations

You have temporarily grown beastly horns and talons.
Your plain brown scales are hard. (AC +6)
You cannot fit into any form of body armour.
You are cold-blooded and may be slowed by cold attacks.


Message History

You closely miss something.
You feel very sick. Something hits you but does no damage.
You completely miss something. Your kick misses something. You punch something.
You feel very sick. Something hits you but does no damage.
You miss something. Your headbutt misses something.
You feel sick. Something hits you but does no damage.
You are more poisoned.
You barely miss something. Your kick misses something.
Your headbutt misses something.
You feel very sick. Something hits you.
You are more poisoned.
You miss something. Your kick misses something. Your headbutt misses something.
You feel very sick. Something hits you but does no damage.
You are more poisoned.
You barely miss something. Your kick misses something.
Your tail-slap misses something.
* * * LOW HITPOINT WARNING * * *
You feel extremely sick. Something hits you.
* * * LOW HITPOINT WARNING * * *
You barely miss something. Your headbutt misses something.
* * * LOW HITPOINT WARNING * * *
You feel very sick. Something hits you but does no damage.
You miss something.
Your transformation is almost over.
* * * LOW HITPOINT WARNING * * *
You feel very sick. Something hits you but does no damage.
You barely miss something.
* * * LOW HITPOINT WARNING * * *
You feel very sick. Something hits you.
* * * LOW HITPOINT WARNING * * *
You hit something but do no damage.
You die...

........# ........# #.#
........### #.# .......o..# #.#
......o...# #.# #
.......$..########.# .#
.........#.........##.#
............######....####
........##..o{@...........
........##...#####.############
........##...###...####........
........##...#..†..............
........##..>..##..............
..[.....##.#......<............
....... #+#+###########.......
#....... ########


You could see an orc.

Vanquished Creatures
  An orc priest (D:3)
  2 iguanas
  4 orc wizards
  Natasha (thrice) (D:2)
  4 adders
  4 dart slugs
  7 orcs (D:3)
  10 ball pythons
  4 bats
  7 endoplasms
  3 giant cockroaches
  A goblin (D:1)
  9 hobgoblins
  4 jackals (D:1)
  3 frilled lizards
  8 kobolds
  6 rats
80 creatures vanquished.

Vanquished Creatures (others)
  An orc wizard (D:4)
1 creature vanquished.

Grand Total: 81 creatures vanquished

Notes
Turn   | Place    | Note
-------+----------+-------------------------------------------
     0 | D:1      | Leeroy the Draconian Transmuter began the quest for the
                  | Orb.
     0 | D:1      | Reached XP level 1. HP: 16/16 MP: 3/3
   122 | D:1      | Reached XP level 2. HP: 2/23 MP: 5/5
   212 | D:1      | You fall into a shaft and drop 1 floor!
   397 | D:1      | Reached skill level 4 in Unarmed Combat
   625 | D:1      | Reached XP level 3. HP: 28/28 MP: 4/6
   885 | D:2      | Noticed Natasha
   891 | D:2      | Killed Natasha
  1040 | D:2      | Reached skill level 5 in Unarmed Combat
  1040 | D:2      | Reached XP level 4. HP: 35/35 MP: 7/7
  1176 | D:2      | Noticed Natasha
  1183 | D:2      | Killed Natasha
  1294 | D:2      | Noticed Natasha
  1305 | D:2      | Killed Natasha
  1306 | D:2      | Reached XP level 5. HP: 30/40 MP: 8/8
  1458 | D:2      | Learned a level 3 spell: Spider Form
  1461 | D:2      | Learned a level 2 spell: Wereblood
  1531 | D:3      | Found Kish's Weapon Shop.
  1539 | D:3      | Reached skill level 6 in Unarmed Combat
  1768 | D:3      | Reached XP level 6. HP: 36/47 MP: 7/9
  2790 | D:4      | HP: 1/47 [something (2)]
  2791 | D:4      | Succumbed to an orc wizard's poison

Illustrated notes

Levels and vault maps discovered:
D:1:      psy_arrival_fountain, layout_rooms, dk_noncrumbling_2
D:2:      minmay_spotlight, layout_rooms, minmay_cut_off, uniq_natasha
D:3:      layout_basic, serial_shops, shop, dreamdust_princess_corridor
D:4:      layout_basic, uniq_robin

Skill      XL: |  1  2  3  4  5  6 |
---------------+-------------------+-----
Unarmed Combat | 4 5 6 |  6.9
Transmutations | 3 |  3.2
Fighting       | |  1.1
Dodging        | |  1.7
Spellcasting   | |  2.0

Action                   |  1- 3 |  4- 6 || total
-------------------------+-------+-------++-------
Melee: Unarmed           |   124 |    86 ||   210
       Kick              |     8 |     9 ||    17
       Tailslap          |     8 |    15 ||    23
       Headbutt          |     6 |    12 ||    18
       Punch             |     2 |     7 ||     9
       Short sword       |       |    54 ||    54
 Cast: Beastly Appendage |    10 |    16 ||    26
 Stab: Sleeping          |       |     2 ||     2
Armor: Skin              |    54 |    48 ||   102
Dodge: Dodged            |    86 |    46 ||   132

Table legend: (Time is in decaauts)
 A = Elapsed time spent in this place.
 B = Non-inter-level travel time spent in this place.
 C = Inter-level travel time spent in this place.
 D = Time resting spent in this place.
 E = Time spent auto-exploring this place.
 F = Levels seen in this place.
 G = Mean time per level.
                   A        B        C        D        E       F      G
               +--------+--------+--------+--------+--------+-----+--------+
         Total |   2773 |   2675 |     98 |     28 |   2078 |   4 |  693.2 |
       Dungeon |   2773 |   2675 |     98 |     28 |   2078 |   4 |  693.2 |
               +--------+--------+--------+--------+--------+-----+--------+

Top non-repeatable levels by time:
     D:3: 1147 daAuts
     D:1: 778 daAuts
     D:2: 673 daAuts
     D:4: 173 daAuts
